 Dungeon Crawl Stone Soup version 0.19-a0-1803-g97ff39f (webtiles) character file.

6077 Flanowski the Martial Artist (level 10, -2/47 HPs)
             Began as a Vine Stalker Transmuter on Oct 5, 2016.
             Was a Believer of Ashenzari.
             Slain by a hippogriff (6 damage)
             ... on level 10 of the Dungeon.
             The game lasted 00:28:02 (9486 turns).

Flanowski the Martial Artist (VSTm)                 Turns: 9486, Time: 00:28:07

Health: -2/47      AC:  5    Str: 14    XL:     10   Next: 88%
Magic:  0/22       EV: 18    Int: 13    God:    Ashenzari [**....]
Gold:   687        SH:  0    Dex: 17    Spells: 6 memorised, 6 levels left

rFire  . . .     SeeInvis .       - Unarmed
rCold  . . .     Gourm    .     y - +2 robe {MR+} (curse)
rNeg   . . .     Faith    .     (shield currently unavailable)
rPois  .         Spirit   +     (no helmet)
rElec  .         Dismiss  +     A - +0 cloak (curse)
rCorr  .         Reflect  .     (gloves currently unavailable)
MR     ++...     Harm     .     (no boots)
Stlth  ++........               F - amulet of dismissal (curse)
                                J - +2 ring of evasion
                                k - +3 ring of evasion

@: blade hands, very slightly contaminated, drained
A: fangs 3, regeneration 1, magic shield, antimagic bite, no device heal 3, rot
immunity
a: End Transformation, Curse Item, Scrying, Renounce Religion


You were on level 10 of the Dungeon.
You worshipped Ashenzari.
Ashenzari was pleased with you.
You were not hungry.
You had blades for hands.
You visited 1 branch of the dungeon, and saw 10 of its levels.

You collected 687 gold pieces.

Inventory:

Hand Weapons
 g - a +2 scimitar of flaming
Missiles
 a - 208 arrows (quivered)
Armour
 e - a +0 pair of gloves (melded)
 y - a cursed +2 robe of magic resistance (worn)
 A - a cursed +0 cloak (worn)
Magical Staves
 H - a cursed staff of power (melded)
Jewellery
 k - a +3 ring of evasion (left scythe-like blade)
 F - a cursed amulet of dismissal (around neck)
 J - a +2 ring of evasion (right scythe-like blade)
Wands
 C - a wand of confusion (24/48)
 G - a wand of flame (25/48)
 N - a wand of flame (28/48)
Scrolls
 i - 3 scrolls of recharging
 m - a scroll of amnesia
 p - a scroll of blinking
 q - a scroll of enchant weapon
 t - 5 scrolls of random uselessness
 B - a scroll of vulnerability {unknown}
 D - a scroll of teleportation {unknown}
 E - a scroll of fog {unknown}
 I - a scroll of acquirement {unknown}
 M - a scroll of identify
Potions
 d - 3 potions of curing {unknown}
 f - a potion of cancellation {unknown}
 j - a potion of brilliance {unknown}
 l - a potion of resistance {unknown}
 s - 2 potions of magic {unknown}
 v - a potion of mutation {unknown}
 w - 2 potions of degeneration {unknown}
 z - a potion of heal wounds {unknown}
 K - a potion of cure mutation {unknown}
 L - a potion of ambrosia {unknown}
Books
 c - a book of Changes

   Spells                             Type                      Level
   a - Beastly Appendage              Transmutation                1
   b - Sticks to Snakes               Transmutation                2
   c - Spider Form                    Transmutation/Poison         3
   d - Ice Form                       Ice/Transmutation            4
   e - Blade Hands                    Transmutation                5
 o - a book of Minor Magic

   Spells                             Type                      Level
   a - Magic Dart                     Conjuration                  1
   b - Blink                          Translocation                2
   c - Call Imp                       Summoning                    2
   d - Repel Missiles                 Charms/Air                   2
   e - Slow                           Hexes                        2
   f - Conjure Flame                  Conjuration/Fire             3
   g - Mephitic Cloud                 Conjuration/Poison/Air       3
Comestibles
 n - a meat ration
 r - 5 bread rations
 u - 9 fruits
 x - a royal jelly


   Skills:
 + Level 2.6(2.4) Fighting
 + Level 2.9(2.6) Dodging
 + Level 10.2(9.8) Unarmed Combat
 + Level 7.3(9.3) Spellcasting
 * Level 9.2(8.9) Transmutations
 - Level 3.7(3.4) Poison Magic


You had 6 spell levels left.
You knew the following spells:

 Your Spells              Type           Power        Failure   Level  Hunger
a - Beastly Appendage     Tmut           ####..       12%         1    None
b - Sticks to Snakes      Tmut           ####....     12%         2    None
c - Spider Form           Tmut/Pois      ###.......   24%         3    ##.....
d - Blade Hands           Tmut           ####......   50%         5    #####..
e - Ice Form              Ice/Tmut       ###.....     63%         4    ####...
f - Blink                 Tloc           N/A          63%         2    None


Dungeon Overview and Level Annotations

Branches:
Dungeon (10/15)            Temple (0/1) D:6
   Lair: D:8-11         Orc: D:9-12

Altars:
Ashenzari
Cheibriados
Dithmenos
Elyvilon
Fedhas
Gozag
Makhleb
Nemelex Xobeh
Sif Muna
Trog
Yredelemnul
Zin
Beogh

Shops:
D:5 ?

Annotations:
D:6 1 runed door


Innate Abilities, Weirdness & Mutations

You have razor-sharp teeth.
Your natural rate of healing is unusually fast.
When hurt, damage is shared between your health and your magic reserves.
Your bite disrupts and absorbs the magic of your enemies.
Potions and wands cannot restore your health.
You are immune to rotting.


Message History

Something hits you. The hippogriff barely misses you.
The hippogriff closely misses you. The hippogriff claws you!
Unknown command.
You hit the hippogriff.
The hippogriff is moderately wounded.
Something hits you! The hippogriff bites you!
The hippogriff pecks you but does no damage.
The hippogriff completely misses you.
Your water moccasin bites something but does no damage.
Something hits you.
* * * LOW HITPOINT WARNING * * *
Your cursed amulet of dismissal vibrates suddenly!
Unknown command.
You slice the hippogriff!!
The hippogriff is almost dead.
Your water moccasin closely misses the hippogriff.
The hippogriff bites you!
* * * LOW HITPOINT WARNING * * *
The hippogriff pecks you!
You die...

#########...).........#,,,,,,,,*,
...................#..#,,*,,*,,*,
...................####***,,*****
#################..#..#,,*,,*,,*,
#.....#,,,,,,,,*,
#....###.,,,,,***
********#########........,***,,,,
,,,,,,,,.................,,*,,,,,
,,,,,,,,......C§@.......#,,*,,*,,
*******,......SH........#******,,
*,................#,,*,,*,,
*,.................,,*,,,,,
*******,.................,***,,,,
,,,,,,,,.................,,,,,***
********.................,,,,,,*,
*................,,,,*,,*,
*...............,,,,,*****


You could see a hill giant, a hippogriff and a friendly water moccasin.

Vanquished Creatures
  Erica (D:7)
  Pikel (D:5)
  A spriggan (D:7)
  Sigmund (D:2)
  A wyvern (D:8)
  A hungry ghost (D:6)
  Edmund (D:6)
  4 phantoms
  3 slaves (D:5)
  A sky beast (D:5)
  9 orc warriors
  5 ogres
  A centaur (D:8)
  Blork the orc (D:4)
  6 bullfrogs
  A scorpion (D:7)
  5 killer bees (D:9)
  2 wights (D:10)
  A howler monkey (D:4)
  5 crimson imps
  A bullfrog zombie (D:9)
  3 jellies
  An orc priest (D:9)
  4 centaur skeletons
  A gnoll shaman (D:8)
  2 hounds
  Terence (D:2)
  Jessica (D:2)
  2 iguanas
  7 orc wizards
  10 worker ants
  A hound skeleton (D:4)
  2 worker ant zombies
  5 gnolls (D:8)
  8 adders
  A shadow imp (D:5)
  2 oozes
  An adder zombie (D:3)
  An adder skeleton (D:5)
  4 worms
  2 dart slugs (D:3)
  3 leopard geckos
  35 orcs
  3 ball pythons
  6 bats
  6 giant cockroaches
  12 goblins
  6 hobgoblins
  9 jackals
  7 kobolds
  3 quokkas
  4 frilled lizards
  A quokka skeleton (D:6)
  9 rats
215 creatures vanquished.

Vanquished Creatures (others)
  A fungus (D:6)
1 creature vanquished.

Grand Total: 216 creatures vanquished

Notes
Turn   | Place    | Note
-------+----------+-------------------------------------------
     0 | D:1      | Flanowski the Vine Stalker Transmuter began the quest for the Orb.
     0 | D:1      | Reached XP level 1. HP: 9/9 MP: 4/4
   316 | D:1      | Reached XP level 2. HP: 14/14 MP: 4/6
   394 | D:1      | Found a sparkling altar of Nemelex Xobeh.
   700 | D:1      | Reached XP level 3. HP: 15/17 MP: 5/7
  1262 | D:2      | Noticed Sigmund
  1571 | D:2      | Noticed Jessica
  1582 | D:2      | Reached skill level 4 in Unarmed Combat
  1586 | D:2      | Killed Jessica
  1586 | D:2      | Reached skill level 1 in Fighting
  1586 | D:2      | Gained mutation: Your natural rate of healing is unusually fast. [Vine Stalker growth]
  1586 | D:2      | Reached XP level 4. HP: 3/22 MP: 5/9
  1649 | D:2      | Found a shadowy altar of Dithmenos.
  1834 | D:2      | You fall through a shaft!
  2204 | D:3      | Reached XP level 5. HP: 19/25 MP: 10/10
  2223 | D:3      | Found a shadowy altar of Dithmenos.
  2434 | D:2      | Learned a level 2 spell: Sticks to Snakes
  2438 | D:2      | Learned a level 3 spell: Spider Form
  2501 | D:2      | Killed Sigmund
  2501 | D:2      | Reached XP level 6. HP: 14/30 MP: 2/12
  2810 | D:2      | Noticed Terence
  2823 | D:2      | Killed Terence
  3042 | D:3      | Reached skill level 5 in Unarmed Combat
  3339 | D:3      | Found a faded altar of an unknown god.
  3562 | D:4      | Reached XP level 7. HP: 21/33 MP: 6/14
  3699 | D:4      | Found a burning altar of Makhleb.
  3770 | D:4      | Noticed Blork the orc
  3781 | D:4      | Killed Blork the orc
  3862 | D:4      | Found a basalt altar of Yredelemnul.
  3869 | D:4      | Found a shattered altar of Ashenzari.
  3966 | D:4      | Found a snail-covered altar of Cheibriados.
  4013 | D:4      | Reached skill level 5 in Transmutations
  4150 | D:4      | Reached skill level 6 in Unarmed Combat
  4249 | D:4      | Gained mutation: You have razor-sharp teeth. [Vine Stalker growth]
  4249 | D:4      | Reached XP level 8. HP: 34/38 MP: 12/16
  4317 | D:5      | Entered Level 5 of the Dungeon
  4372 | D:5      | Found Weqory's Magic Scroll Shop.
  4383 | D:5      | Reached skill level 1 in Poison Magic
  4388 | D:5      | Noticed Pikel
  4437 | D:5      | Killed Pikel
  4437 | D:5      | Reached skill level 7 in Unarmed Combat
  4437 | D:5      | Reached skill level 5 in Spellcasting
  4756 | D:5      | Found a deep blue altar of Sif Muna.
  4848 | D:5      | Found a bloodstained altar of Trog.
  5225 | D:4      | Became a worshipper of Ashenzari the Shackled
  5395 | D:6      | Found a blossoming altar of Fedhas.
  5447 | D:6      | Noticed Edmund
  5472 | D:6      | Killed Edmund
  5472 | D:6      | Reached XP level 9. HP: 35/42 MP: 7/18
  5616 | D:6      | Learned a level 5 spell: Blade Hands
  5657 | D:6      | Found a staircase to the Ecumenical Temple.
  5735 | D:6      | Reached skill level 8 in Unarmed Combat
  6202 | D:6      | Found a runed door.
  6455 | D:7      | Found a white marble altar of Elyvilon.
  6768 | D:7      | Reached * piety under Ashenzari
  6820 | D:8      | Noticed Erica
  6982 | D:7      | Killed Erica
  6982 | D:7      | Reached skill level 9 in Unarmed Combat
  6982 | D:7      | Reached XP level 10. HP: 16/47 MP: 6/20
  7508 | D:8      | Found an opulent altar of Gozag.
  7508 | D:8      | Found a glowing silver altar of Zin.
  7641 | D:8      | Found a sparkling altar of Nemelex Xobeh.
  7863 | D:8      | Learned a level 4 spell: Ice Form
  7866 | D:8      | Learned a level 2 spell: Blink
  8134 | D:9      | Found a roughly hewn altar of Beogh.
  8993 | D:10     | Entered Level 10 of the Dungeon
  9052 | D:10     | Reached skill level 10 in Unarmed Combat
  9456 | D:10     | Reached ** piety under Ashenzari
  9481 | D:10     | Noticed a hill giant
  9486 | D:10     | Slain by a hippogriff

Vault maps used:
D:1:      ncdulo_smallfort, nemelex_diamond_rough_becter
D:2:      nicolae_overflow_crystal_walls, first_bread, minmay_tetromino_l2,
          uniq_terence, uniq_sigmund, uniq_jessica
D:3:      ecumenical_altar_2, nicolae_dithmenos_shadow_blocks
D:4:      lemuel_crystal_altar, lemuel_doored_altar,
          nicolae_overflow_hidden_temple, uniq_blork_the_orc
D:5:      kennysheep_mini_moat, led_sif_pool, serial_shops, shop, uniq_pikel
D:6:      lemuel_ice_spiral_2, fedhas_altar_2, uniq_crazy_yiuf_cottage,
          uniq_edmund
D:7:      cheibrodos_quashed, elyvilon_altar_4, the_bakery,
          minmay_misc_feat_rows
D:8:      grunt_temple_overflow_gold_and_silver, old_standard_altar, uniq_erica
D:9:      special_room, minmay_crystal_water, roderic_digamma_sauvastika,
          minmay_item_behind_shaft
D:10:     hangedman_cross_cluster

Skill      XL: |  1  2  3  4  5  6  7  8  9 10 |
---------------+-------------------------------+-----
Unarmed Combat | 4 5 6 7 9 10 | 10.2
Fighting       | 1 2 |  2.6
Spellcasting   | 3 4 5 6 7 |  7.3
Transmutations | 4 5 6 8 9 |  9.2
Poison Magic   | 1 3 |  3.7
Dodging        | 2 |  2.9

Action                   |  1- 3 |  4- 6 |  7- 9 | 10-12 || total
-------------------------+-------+-------+-------+-------++-------
Melee: Unarmed           |    97 |   193 |   287 |   167 ||   744
       Kick              |     6 |    20 |     3 |       ||    29
       Bite              |    17 |    41 |    24 |    19 ||   101
       Headbutt          |     7 |    10 |     5 |       ||    22
       Punch             |     2 |     2 |       |     1 ||     5
       Scimitar          |       |       |       |    18 ||    18
 Cast: Beastly Appendage |    17 |    35 |     8 |     3 ||    63
       Spider Form       |       |     2 |    28 |    21 ||    51
       Blade Hands       |       |       |     1 |     7 ||     8
       Sticks to Snakes  |       |       |       |     3 ||     3
       Blink             |       |       |       |     2 ||     2
Invok: Curse Item        |       |       |     2 |     3 ||     5
  Use: Potion            |     1 |       |       |       ||     1
       Scroll            |       |       |     9 |     5 ||    14
 Stab: Sleeping          |     3 |     1 |     3 |     8 ||    15
       Distracted        |       |       |       |     1 ||     1
  Eat: Chunk             |     1 |     4 |    10 |    11 ||    26
       Bread ration      |     1 |       |       |     1 ||     2
       Meat ration       |       |       |     1 |       ||     1
Armor: Robe              |    11 |    20 |    17 |    16 ||    64
       Skin              |       |       |     5 |     1 ||     6
Dodge: Dodged            |    55 |   109 |   173 |   154 ||   491
       Rpst.: Scimitar   |       |       |       |     2 ||     2
